 Dungeon Crawl Stone Soup version 0.27-a0-1149-g4505690ab0 (webtiles) character file.

Game seed: 11774283258669863993

15388 st0uf the Geomancer (level 12, -1/65 HPs)
             Began as a Gargoyle Earth Elementalist on May 13, 2021.
             Was an Elder of Vehumet.
             Slain by a large abomination (13 damage)
             ... in a Gauntlet.
             The game lasted 01:23:05 (15719 turns).

st0uf the Geomancer (Gargoyle Earth Elementalist)  Turns: 15719, Time: 01:23:07

Health: -1/65      AC: 17    Str: 18    XL:     12   Next: 26%
Magic:  11/25      EV: 15    Int: 21    God:    Vehumet [****..]
Gold:   1089       SH:  4    Dex: 10    Spells: 5/29 levels left

rFire    . . .     SeeInvis .   G - staff of poison
rCold    . . .     Faith    .   w - +0 buckler
rNeg     + . .     Spirit   .   F - +0 steam dragon scales
rPois    ∞         Reflect  .   (no helmet)
rElec    +         Harm     .   (no cloak)
rCorr    .         Rampage  .   H - +0 pair of gloves
Will     .....     NoTele   +   h - +0 pair of boots
Stlth    ++........             (no amulet)
HPRegen  0.20/turn              M - +4 ring of evasion
MPRegen  0.19/turn              A - +6 ring of strength

@: no status effects
A: sickness immunity, AC +8, negative energy resistance 1, electricity
resistance, torment resistance 1, petrification resistance
a: Renounce Religion


You were in a Gauntlet.
You worshipped Vehumet.
Vehumet was greatly pleased with you.
You visited 3 branches of the dungeon, and saw 13 of its levels.
You also visited: Sewer and Gauntlet.

You collected 1089 gold pieces.

Inventory:

Hand Weapons
 f - a +0 quarterstaff
 y - a +3 spear of flaming
 z - a +1 vorpal flail
Missiles
 b - 275 stones
 B - 4 throwing nets
Armour
 c - a +0 robe
 g - a +0 pair of gloves
 h - a +0 pair of boots (worn)
 i - a +0 ring mail
 w - a +0 buckler (worn)
 F - +0 steam dragon scales (worn)
 H - a +0 pair of gloves (worn)
 N - a +2 leather armour of cold resistance
 Q - a +1 robe of cold resistance
Magical Staves
 G - a staff of poison (weapon)
Jewellery
 a - a ring of resist corrosion
 A - a +6 ring of strength (right hand)
 M - a +4 ring of evasion (left hand)
 P - a ring of ice
 R - a ring of protection from cold
Wands
 l - a wand of flame (61)
 D - a wand of paralysis (20)
 K - a wand of polymorph (7)
 O - a wand of acid (6)
 S - a wand of digging (3)
Scrolls
 d - a scroll of silence {unknown}
 e - 4 scrolls of enchant armour {unknown}
 j - 16 scrolls of identify {unknown}
 m - a scroll of noise {unknown}
 n - 3 scrolls of magic mapping {unknown}
 o - a scroll of vulnerability {unknown}
 p - a scroll of holy word {unknown}
 q - a scroll of summoning {unknown}
 x - a scroll of teleportation {unknown}
 C - 3 scrolls of enchant weapon {unknown}
 E - a scroll of immolation {unknown}
 T - 3 scrolls of fear {unknown}
Potions
 k - 3 potions of lignification {unknown}
 r - 2 potions of brilliance {unknown}
 s - 4 potions of attraction {unknown}
 t - 4 potions of haste {unknown}
 u - a potion of mutation {unknown}
 v - 4 potions of heal wounds
 I - a potion of might {unknown}
 L - a potion of curing {unknown}
Miscellaneous
 J - a condenser vane


   Skills:
 + Level 3.6 Fighting
 + Level 5.3 Staves
 + Level 4.3 Armour
 - Level 1.5 Dodging
 + Level 4.5 Stealth
 + Level 4.0 Shields
 + Level 9.1 Spellcasting
 * Level 10.0 Conjurations
 - Level 4.0 Transmutations
 + Level 1.2 Fire Magic
 + Level 1.5 Air Magic
 + Level 10.2 Earth Magic
 + Level 2.6 Poison Magic
 * Level 3.7 Evocations


You had 5 spell levels left.
You knew the following spells:

 Your Spells              Type           Power      Damage    Failure   Level
a - Sandblast             Erth           100%       2d20      1%          1
b - Passwall              Tmut/Erth      32%        N/A       1%          2
c - Stone Arrow           Conj/Erth      100%       3d13      1%          3
d - Ignite Poison         Fire/Tmut/Pois 30%        N/A       1%          3
e - Lee's Rapid Deconstr  Erth           26%        3d15*     1%          5
f - Petrify               Tmut/Erth      39%        N/A       3%          4
g - Frozen Ramparts       Ice            18%        1d3       6%          3
h - Mephitic Cloud        Conj/Pois/Air  44%        N/A       1%          3

Your spell library contained the following spells:

 Spells                   Type           Power      Damage    Failure   Level
 Yara's Violent Unravell  Hex/Tmut       9%         3d6       22%         5
 Poisonous Vapours        Pois/Air       54%        N/A       1%          2
 Conjure Flame            Conj/Fire      33%        6-21      1%          3
 Animate Skeleton         Necr           18%        N/A       7%          1
 Pain                     Necr           36%        1d5       7%          1
 Vampiric Draining        Necr           4%         2d6       22%         3
 Animate Dead             Necr           4%         N/A       56%         4
 Agony                    Necr           9%         N/A       89%         5
 Freezing Cloud           Conj/Ice/Air   12%        6-21      45%         6


Dungeon Overview and Level Annotations

Branches:
Dungeon (11/15)            Temple (1/1) D:5            Lair (1/6) D:8
    Orc (0/2) D:10          Sewer (visited)         Gauntlet (1/1)

Altars:
Ashenzari
Cheibriados
Dithmenos
Elyvilon
Fedhas
Gozag
Makhleb
Nemelex Xobeh
Okawaru
Qazlal
Ru
Sif Muna
Trog
Uskayaw
Vehumet
Wu Jian
Xom
Yredelemnul
Zin
The Shining One

Shops:
D:6 ?   D:8 [

Annotations:
D:2 Sigmund
D:4 Grinder
D:8 2 transporters, bmj180's ghost, novice DrCj Gauntlet 13 transporters, 1 runed translucent door


Innate Abilities, Weirdness & Mutations

You are immune to sickness and miasma.
Your stone body is resilient. (AC +8)
You are immune to poison.
You resist negative energy. (rN+)
You are resistant to electric shocks. (rElec)
You are resistant to unholy torment.
You are immune to petrification.


Message History

Vehumet accepts your kill.
You feel your power returning.
The large abomination is engulfed in blazing flames.
Casting: Ignite Poison (safe; 1% risk of failure)
Confirm with . or Enter, or press ? or * to list all spells.
You can't see any susceptible monsters within range! (Use Z to cast anyway.)
Casting: Ignite Poison (safe; 1% risk of failure)
Confirm with . or Enter, or press ? or * to list all spells.
Aiming: Mephitic Cloud (safe; 1% risk of failure)
Press: ? - help, Shift-Dir - straight line You feel a surge of power!
The ball explodes into a vile cloud!
The stinking cloud engulfs you but does no damage.
The large abomination hits you!!
Unknown command.
Casting: Mephitic Cloud (safe; 1% risk of failure)
Confirm with . or Enter, or press ? or * to list all spells.
You feel a surge of power!
You ignite the poison in your surroundings!
The large abomination is engulfed in blazing flames.
The large abomination hits you!!
* * * LOW HITPOINT WARNING * * *
Casting: Ignite Poison (safe; 1% risk of failure)
Confirm with . or Enter, or press ? or * to list all spells.
Aiming: Stone Arrow (safe; 1% risk of failure)
Press: ? - help, Shift-Dir - straight line, f - large abomination
Aim: a large abomination (flame, moderately damaged, 92% to hit)
The stone arrow hits the large abomination!
The large abomination is heavily damaged.
The large abomination is engulfed in blazing flames.
The large abomination hits you but does no damage.
Casting: Stone Arrow (safe; 1% risk of failure)
Confirm with . or Enter, or press ? or * to list all spells.
Aiming: Stone Arrow (safe; 1% risk of failure)
Press: ? - help, Shift-Dir - straight line, f/p - large abomination
Aim: a large abomination (flame, severely damaged, 92% to hit)
The stone arrow hits the large abomination!
The large abomination is almost destroyed.
The large abomination is engulfed in blazing flames.
The large abomination hits you!
You die...

##≈.#8.8^8.8#.≈##
##.#...8...#.##
##≈.#..8#8Y.#.≈##
#≈≈.#########.≈≈#
##≈.#8..©#....≈##
##.#©...#.8..##
##≈.#8..©#....≈##
#≈≈.#########.≈≈#
##≈.#@..©!?.#.≈##
##.#X#####.#.##
##≈.#.○.#...#.≈##
#≈≈.####©####.≈≈#
##≈.#Xx.#...#.≈##
##.#x#####.#.##
##≈.#.......#.≈##
#≈≈.#########.≈≈#
##≈.....©.....≈##


You could see a large abomination, an ice beast and a small abomination.

Vanquished Creatures
  Fannar (D:11)
  4 two-headed ogres
  Sonja (D:11)
  Nergalle (D:11)
  A cyclops (D:8)
  A manticore (D:11)
  A cane toad (shapeshifter) (D:8)
  Psyche (D:11)
  2 komodo dragons (Lair:1)
  3 kobold demonologists
  A troll (D:11)
  A shadow (D:10)
  6 yaks
  A basilisk (D:11)
  Grum (D:6)
  5 steam dragons
  5 water moccasins
  3 ice beasts (D:7)
  A black bear (D:8)
  3 necrophages
  5 orc warriors
  A hornet zombie (D:6)
  An ogre (D:7)
  4 centaurs
  A phantom (D:5)
  5 kobold brigands
  8 bullfrogs
  4 gnoll sergeants
  5 scorpions
  2 wyvern zombies
  7 killer bees
  6 wights (D:8)
  2 electric eels (D:6)
  5 howler monkeys
  3 centaur zombies
  2 jellies
  5 gnoll shamans
  9 hounds
  A bullfrog skeleton (D:7)
  3 orc priests
  A centaur skeleton (D:6)
  9 orc wizards
  Natasha (thrice) (D:4 D:3)
  5 iguanas
  2 killer bee zombies
  2 small abominations (Gauntlet)
  A hound skeleton (D:4)
  A howler monkey zombie (D:6)
  3 howler monkey skeletons
  41 gnolls
  11 adders
  2 white imps
  An ufetubus (D:5)
  An adder skeleton (D:4)
  A worm (D:3)
  2 dart slugs (D:2)
  30 orcs
  6 ball pythons
  4 bats
  2 endoplasms (D:2)
  14 giant cockroaches
  6 goblins
  5 hobgoblins
  9 jackals
  4 quokkas
  11 frilled lizards
  21 kobolds
  5 rats
325 creatures vanquished.

Vanquished Creatures (others)
  A demonic plant (Gauntlet)
1 creature vanquished.

Grand Total: 326 creatures vanquished

Notes
Turn   | Place    | Note
-------+----------+-------------------------------------------
     0 | D:1      | st0uf the Gargoyle Earth Elementalist began the quest for
                  | the Orb.
     0 | D:1      | Reached XP level 1. HP: 10/10 MP: 3/3
   462 | D:1      | Reached XP level 2. HP: 15/15 MP: 0/5
   570 | D:1      | Found a faded altar of an unknown god.
   948 | D:2      | Noticed Sigmund
  1176 | D:2      | Reached XP level 3. HP: 17/20 MP: 3/6
  1270 | D:2      | Learned a level 2 spell: Passwall
  1470 | D:2      | Reached skill level 1 in Staves
  1470 | D:2      | Reached XP level 4. HP: 15/24 MP: 6/8
  2148 | D:2      | Learned a level 3 spell: Stone Arrow
  2438 | D:3      | Reached XP level 5. HP: 24/28 MP: 9/9
  2449 | D:3      | Found a glowing drain.
  2480 | Sewer    | Entered a sewer
  2503 | Sewer    | Reached skill level 1 in Fighting
  2775 | Sewer    | Reached skill level 1 in Conjurations
  2820 | Sewer    | Reached skill level 1 in Armour
  2820 | Sewer    | Reached XP level 6. HP: 14/34 MP: 0/10
  3675 | D:3      | Reached skill level 5 in Earth Magic
  3712 | D:4      | Noticed a water moccasin
  3722 | D:3      | Killed a water moccasin
  3771 | D:4      | Reached XP level 7. HP: 37/38 MP: 8/12
  3882 | D:4      | Noticed Natasha
  3888 | D:4      | Killed Natasha
  3891 | D:4      | Found a shimmering blue altar of Sif Muna.
  3891 | D:4      | Found a glowing silver altar of Zin.
  3996 | D:4      | Noticed Natasha
  4017 | D:4      | Killed Natasha
  4223 | D:4      | Noticed Grinder
  4243 | D:4      | Noticed Natasha
  4248 | D:4      | Paralysed by Grinder for 7 turns
  4258 | D:3      | Killed Natasha
  4708 | D:4      | Found a snail-covered altar of Cheibriados.
  4750 | D:5      | Entered Level 5 of the Dungeon
  5225 | D:5      | Reached XP level 8. HP: 28/44 MP: 7/14
  5370 | D:5      | Found a staircase to the Ecumenical Temple.
  5378 | Temple   | Entered the Ecumenical Temple
  5403 | Temple   | Became a worshipper of Vehumet
  6158 | D:6      | Reached skill level 5 in Spellcasting
  6325 | D:6      | Noticed Grum
  6332 | D:6      | Killed Grum
  6333 | D:6      | Reached XP level 9. HP: 23/49 MP: 10/17
  6509 | D:6      | Reached skill level 5 in Conjurations
  6799 | D:6      | Reached * piety under Vehumet
  6799 | D:6      | Offered knowledge of Freeze by Vehumet.
  7167 | D:6      | Reached skill level 1 in Shields
  7673 | D:6      | Found Fohun's Magic Scroll Shop.
  8016 | D:7      | You fall into a shaft and drop 2 floors!
  8057 | D:8      | Reached ** piety under Vehumet
  8057 | D:8      | Offered knowledge of Poisonous Vapours by Vehumet.
  8666 | D:7      | Reached XP level 10. HP: 56/56 MP: 15/20
  9350 | D:7      | Offered knowledge of Ignite Poison by Vehumet.
  9650 | D:7      | Reached *** piety under Vehumet
 10014 | D:7      | Reached skill level 5 in Staves
 10051 | D:7      | Learned a level 3 spell: Ignite Poison
 10057 | D:7      | Learned a level 5 spell: Lee's Rapid Deconstruction
 10062 | D:7      | Learned a level 4 spell: Petrify
 10166 | D:8      | Found a transporter.
 10168 | D:8      | Found a transporter.
 10168 | D:8      | Noticed bmj180's ghost (novice DrCj)
 10245 | D:8      | Found a staircase to the Lair.
 10593 | D:8      | Found Palaadyk's Armour Shop.
 10694 | D:8      | Reached skill level 1 in Transmutations
 10762 | D:8      | Offered knowledge of Frozen Ramparts by Vehumet.
 10767 | D:8      | Learned a level 3 spell: Frozen Ramparts
 10890 | D:8      | Learned a level 3 spell: Mephitic Cloud
 11126 | D:8      | Noticed a kobold demonologist
 11127 | D:8      | Noticed a cane toad
 11127 | D:8      | Noticed a cyclops
 11135 | D:8      | Killed a kobold demonologist
 11136 | D:8      | Killed a cane toad
 11175 | D:8      | Killed a cyclops
 11176 | D:8      | Reached XP level 11. HP: 58/60 MP: 8/22
 11368 | D:8      | Reached skill level 1 in Poison Magic
 11542 | D:9      | Noticed a two-headed ogre
 11548 | D:9      | Killed a two-headed ogre
 11842 | D:9      | Reached **** piety under Vehumet
 12021 | D:9      | Found a basalt altar of Yredelemnul.
 12095 | D:9      | Found a white marble altar of Elyvilon.
 12313 | D:9      | Offered knowledge of Yara's Violent Unravelling by Vehumet.
 12565 | D:10     | Entered Level 10 of the Dungeon
 12725 | D:10     | Noticed a two-headed ogre
 12732 | D:10     | Killed a two-headed ogre
 12846 | D:10     | Found a shadowy altar of Dithmenos.
 13009 | D:10     | Found a staircase to the Orcish Mines.
 13024 | D:10     | Reached skill level 1 in Evocations
 13663 | D:11     | Noticed a two-headed ogre
 13668 | D:11     | Killed a two-headed ogre
 13669 | D:11     | Reached skill level 1 in Fire Magic
 13669 | D:11     | Reached skill level 1 in Air Magic
 13675 | D:11     | Noticed Nergalle
 13687 | D:11     | Killed Nergalle
 14203 | D:11     | Noticed Sonja
 14211 | D:11     | Killed Sonja
 14212 | D:11     | Reached skill level 10 in Earth Magic
 14273 | D:11     | Noticed Fannar
 14289 | D:11     | Killed Fannar
 14290 | D:11     | Reached XP level 12. HP: 11/64 MP: 8/24
 14602 | D:11     | Noticed Psyche
 14608 | D:11     | Killed Psyche
 14614 | D:11     | Noticed a two-headed ogre
 14665 | D:11     | Killed a two-headed ogre
 14974 | D:11     | Reached skill level 10 in Conjurations
 15363 | Lair:1   | Entered Level 1 of the Lair of Beasts
 15517 | Lair:1   | Found a gate leading to a gauntlet.
 15543 | Gauntlet | Entered a Gauntlet
 15543 | Gauntlet | Found a transporter.
 15550 | Gauntlet | Found a transporter.
 15553 | Gauntlet | Found a transporter.
 15554 | Gauntlet | Found a transporter.
 15562 | Gauntlet | Found a transporter.
 15565 | Gauntlet | Found a transporter.
 15566 | Gauntlet | Found a transporter.
 15577 | Gauntlet | Found a transporter.
 15577 | Gauntlet | Found a transporter.
 15578 | Gauntlet | Found a transporter.
 15587 | Gauntlet | Found a transporter.
 15589 | Gauntlet | Found a transporter.
 15590 | Gauntlet | Found a transporter.
 15597 | Gauntlet | Found a runed translucent door.
 15600 | Gauntlet | Found a transporter.
 15719 | Gauntlet | Slain by a large abomination

Illustrated notes

Levels and vault maps discovered:
D:1:      wander_arrival_abandoned_jail, layout_basic,
          ebering_ecumenical_altar_sacrificial
D:2:      layout_basic, uniq_sigmund
D:3:      layout_loops_ring, portal_sewer_entry_f,
          hangedman_decor_clover_reticule, roderic_lattice_a, minmay_bisected
D:4:      layout_loops_ring, nicolae_overflow_crystal_walls,
          chequers_temple_overflow_statue_of_worship, uniq_grinder, uniq_natasha
D:5:      layout_gridville, minmay_temple_entry_mini_moons,
          minmay_misc_feat_four_crosses
D:6:      layout_cave_pools, serial_gnoll_camp, gnoll_camp_mini_sergeant,
          gnoll_camp_mini_hut, grums_kennel, gnoll_camp_mini_shop,
          gnoll_camp_huts_moat
D:7:      minmay_polygon_palace, layout_basic
D:8:      nzn_winding_woodlands_three_and_one [nzn_winding_woodlands_5x15_twine,
          nzn_winding_woodlands_5x15_concentric,
          nzn_winding_woodlands_5x15_pockets,
          nzn_winding_woodlands_center_pierced_h], layout_basic,
          gammafunk_ghost_mausoleum, serial_shops, kennysheep_mini_moat,
          serial_park_tiny_pond
D:9:      layout_small_grid, kennysheep_ying_yang
D:10:     layout_basic, general_overflow_altar, david_orc_2
D:11:     layout_basic, grunt_ogre_cave, uniq_psyche, uniq_fannar, uniq_sonja,
          uniq_nergalle
Temple:   nicolae_temple_x_marks_the_god
Lair:1:   layout_long_grid, gauntlet_entry_generic
Gauntlet: gammafunk_gauntlet_77_escape_option
          [minmay_gauntlet_arena_77_two_paths,
          minmay_gauntlet_arena_77_terracotta_army,
          minmay_gauntlet_arena_77_chump_sandwich, minmay_gauntlet_arena_77_fan,
          minmay_gauntlet_arena_77_path, gauntlet_exit_hidden_loot]

Skill      XL: |  1  2  3  4  5  6  7  8  9 10 11 12 |
---------------+-------------------------------------+-----
Earth Magic    | 4 5 6 7 8 9 10 | 10.2
Staves         | 1 2 3 4 5 |  5.3
Fighting       | 1 2 3 |  3.6
Conjurations   | 1 2 3 4 6 8 9 10 | 10.0
Spellcasting   | 3 4 5 6 7 8 9 |  9.1
Armour         | 1 2 3 4 |  4.3
Stealth        | 3 4 |  4.5
Shields        | 2 4 |  4.0
Transmutations | 2 3 4 |  4.0
Poison Magic   | 2 |  2.6
Evocations     | 2 3 |  3.7
Fire Magic     | 1 |  1.2
Air Magic      | 1 |  1.5
Dodging        | |  1.5

Action                   |  1- 3 |  4- 6 |  7- 9 | 10-12 || total
-------------------------+-------+-------+-------+-------++-------
Melee: Unarmed           |    26 |       |       |       ||    26
       Quarterstaff      |    42 |   168 |   173 |    14 ||   397
       Staff             |       |       |       |   142 ||   142
 Cast: Sandblast         |    14 |    35 |   139 |    44 ||   232
       Stone Arrow       |       |       |    51 |   132 ||   183
       Passwall          |       |       |     1 |       ||     1
       Mephitic Cloud    |       |       |       |    52 ||    52
       Ignite Poison     |       |       |       |    20 ||    20
       Petrify           |       |       |       |     2 ||     2
 Stab: Sleeping          |     1 |     1 |     1 |       ||     3
       Confused          |       |       |       |     9 ||     9
Armor: Robe              |    30 |     5 |       |       ||    35
       Ring mail         |       |   107 |   168 |    13 ||   288
       Steam dragon scal |       |       |       |    70 ||    70
Dodge: Dodged            |    49 |   115 |   142 |    91 ||   397
Block: Buckler           |       |       |       |    22 ||    22

Table legend: (Time is in decaauts)
 A = Elapsed time spent in this place.
 B = Non-inter-level travel time spent in this place.
 C = Inter-level travel time spent in this place.
 D = Time resting spent in this place.
 E = Time spent auto-exploring this place.
 F = Levels seen in this place.
 G = Mean time per level.
                   A        B        C        D        E       F      G
               +--------+--------+--------+--------+--------+-----+--------+
         Total |  15840 |  15363 |    477 |   2864 |   8752 |  15 | 1056.0 |
       Dungeon |  14828 |  14360 |    468 |   2541 |   8635 |  11 | 1348.0 |
        Temple |     35 |     26 |      9 |      0 |     17 |   1 |   35.0 |
          Lair |    179 |    179 |      0 |     17 |      0 |   1 |  179.0 |
         Sewer |    621 |    621 |      0 |    306 |    100 |   1 |  621.0 |
      Gauntlet |    175 |    175 |      0 |      0 |      0 |   1 |  175.0 |
               +--------+--------+--------+--------+--------+-----+--------+

Top non-repeatable levels by time:
     D:8: 2059 daAuts
     D:6: 1803 daAuts
    D:11: 1610 daAuts
     D:5: 1482 daAuts
     D:7: 1457 daAuts
     D:9: 1313 daAuts
     D:3: 1252 daAuts
     D:2: 1212 daAuts
     D:1: 962 daAuts
    D:10: 862 daAuts
     D:4: 812 daAuts
   Sewer: 621 daAuts
  Lair:1: 179 daAuts
Gauntlet: 175 daAuts
  Temple: 35 daAuts
